 Dungeon Crawl Stone Soup version 0.14.1 (webtiles) character file.

79 4tharraofdagon the Practitioner (level 2, -5/24 HPs)
             Began as a Deep Dwarf Healer on Apr 29, 2014.
             Was a Believer of Elyvilon.
             Killed from afar by Sigmund (8 damage)
             ... with a magic dart
             ... on Level 4 of the Dungeon.
             The game lasted 00:02:43 (379 turns).

4tharraofdagon the Practitioner (Deep Dwarf Healer)  Turns: 379, Time: 00:02:43

HP  -5/24        AC  6     Str 15      XL: 2   Next: 31%
MP   0/4         EV  8     Int 12      God: Elyvilon [**....]
Gold 65          SH  0     Dex 12      Spells:  0 memorised,  1 level left

rFire  . . .     SeeInvis .     j - +0 club
rCold  . . .     Clarity  .     p - +0 scale mail
rNeg   . . .     Conserve .     (no shield)
rPois  .         rCorr    .     (no helmet)
rElec  .         rRot     .     (no cloak)
SustAb . .       Spirit   .     (no gloves)
rMut   .         Warding  .     (no boots)
Saprov . . .     Stasis   .     (no amulet)
MR     .....                    (no ring)
                                (no ring)

@: non-regenerating, not resistant to hostile enchantments, extremely unstealthy
A: damage resistance, recharge devices, sense surroundings 1, slow healing 3
a: Device Recharging, Lesser Healing, Lesser Self-Healing, Divine Protection,
Purification, Renounce Religion


You were on level 4 of the Dungeon.
You worshipped Elyvilon.
Elyvilon was pleased with you.
You were hungry.

You visited 1 branch of the dungeon, and saw 5 of its levels.

You collected 65 gold pieces.

Inventory:

Hand weapons
 j - a +0,+0 club (weapon)
Armour
 a - a +1 robe
 k - a +0 ring mail
 p - a +0 scale mail (worn)
Magical devices
 d - a wand of heal wounds (5)
 m - a wand of confusion (10)
Comestibles
 f - 3 bread rations
Scrolls
 e - 2 scrolls of remove curse {unknown}
 g - 6 scrolls of identify {unknown}
 h - 2 scrolls of noise {unknown}
 i - 2 scrolls of teleportation {unknown}
 o - a scroll of enchant weapon I {unknown}
 q - a scroll of immolation {unknown}
Potions
 b - 2 potions of curing
 c - a potion of heal wounds
 l - a potion of restore abilities {unknown}
 n - a potion of resistance {unknown}


   Skills:
 - Level 0.8 Fighting
 - Level 2.1 Dodging
 + Level 4.7 Invocations


You had one spell level left.
You didn't know any spells.

Dungeon Overview and Level Annotations

Branches:
Dungeon (5/15)
 Temple: D:4-7

Altars:

Annotations:
D:4 Natasha, Sigmund
D:5 Edmund


Innate Abilities, Weirdness & Mutations

You are resistant to damage.
You can recharge devices by infusing magical energy.
You passively map a small area around you.
You do not heal naturally.


Message History

The orc wizard mumbles some strange words.
The orc wizard blinks!
The orc barely misses you. The quokka bites you.
* * * LOW HITPOINT WARNING * * *
Number of times to repeat, then command key: You must enter the number of times for the command to repeat.
The hound bites you.
Unknown command.
The hound barely misses you.
Sigmund casts a spell.
Sigmund flickers and vanishes!
Deactivating autopickup; reactivate with Ctrl-A.
Unknown command.
The hound bites you. Something hits you but does no damage.
The hound bites you but does no damage.
There is a stone staircase leading up here.
Unknown command.
The white imp disappears in a puff of smoke!
The quokka bites you but does no damage.
The hound bites you but does no damage. The magic dart hits you!
You die...

≈≈#.^>#≈≈≈≈≈≈≈≈≈≈≈
≈≈#..(#≈≈≈≈≈≈≈≈≈≈≈≈≈≈≈
≈≈#(<.#≈≈≈≈≈≈≈≈≈≈≈≈≈≈≈ ≈ ≈
≈≈#...#≈≈≈≈≈≈≈≈≈≈≈≈≈≈≈≈ ≈
≈≈#...#≈≈≈≈≈≈≈≈≈≈≈≈≈≈≈≈≈ ≈
≈≈#...#≈≈≈≈≈≈≈≈≈≈≈≈≈≈≈≈≈
≈≈#..o#≈≈≈≈≈≈≈≈≈≈≈≈≈≈≈≈≈
###...###################*
..........o5.hor@........
.......?...o.gah..{......
,,
......o..o.o...5?....... ,
, ###...##################
≈≈#.>.#≈≈≈≈≈≈≈≈≈≈≈≈≈≈≈≈≈≈
≈≈#...#≈≈≈≈≈≈≈≈≈≈≈≈≈≈≈≈
≈≈#...#≈≈≈≈≈≈≈≈≈≈≈≈≈≈≈
≈≈#...#≈≈≈≈≈≈≈≈≈≈≈≈≈≈ ≈
≈≈#(..#≈≈≈≈≈≈≈≈≈≈≈≈≈


You could see a hound, a worker ant, an orc wizard, Natasha, 2 white imps, 4
orcs, a quokka and a goblin.

Vanquished Creatures
  An adder skeleton (D:4)
  A goblin (D:2)
  A hobgoblin (D:2)
  A rat (D:2)
4 creatures vanquished.

Vanquished Creatures (others)
  A goblin (D:2)
  A kobold (D:5)
2 creatures vanquished.

Grand Total: 6 creatures vanquished

Notes
Turn   | Place    | Note
--------------------------------------------------------------
     0 | D:1      | 4tharraofdagon, the Deep Dwarf Healer, began the quest for the Orb.
     0 | D:1      | Reached XP level 1. HP: 16/16 MP: 2/2
    85 | D:2      | Reached skill level 4 in Invocations
   271 | D:3      | Reached XP level 2. HP: 16/24 MP: 4/4
   352 | D:5      | Entered Level 5 of the Dungeon
   352 | D:5      | Noticed Edmund
   362 | D:4      | Noticed Natasha
   374 | D:4      | Noticed Sigmund
   379 | D:4      | Killed from afar by Sigmund

Action                   || total
-------------------------++-------
Melee: Unarmed           ||    13
       Club              ||    15
Invok: Lesser Healing    ||    16
Evoke: Wand              ||     1
